 Dungeon Sprint DCSS version 0.19.0-19-g8c6edcc (webtiles) character file.

1852 poirepourri the Sharpshooter (level 8, -16/80 HPs)
             Began as a Deep Dwarf Hunter on Nov 15, 2016.
             Was a Believer of Trog.
             Demolished by an earth elemental (23 damage)
             ... in the Dungeon (Sprint III: "The Ten Rune Challenge").
             The game lasted 00:02:45 (846 turns).

poirepourri the Sharpshooter (Deep Dwarf Hunter)     Turns: 846, Time: 00:02:45

Health: -16/80     AC:  3    Str: 16    XL:     8   Next: 88%
Magic:  9/9        EV: 16    Int: 12    God:    Trog [**....]
Gold:   37         SH:  0    Dex: 15    Spells: 0 memorised, 7 levels left

rFire  . . .     SeeInvis .     b - +0 short sword
rCold  . . .     Gourm    .     c - +0 leather armour
rNeg   . . .     Faith    .     (no shield)
rPois  .         Spirit   .     (no helmet)
rElec  .         Reflect  .     (no cloak)
rCorr  .         Harm     .     (no gloves)
MR     +....     NoTele   +     (no boots)
Stlth  +++.......               (no amulet)
                                (no ring)
                                (no ring)

@: non-regenerating
A: damage resistance, recharge devices, sense surroundings 1, slow regeneration
3
a: Device Recharging, Berserk, Trog's Hand, Burn Spellbooks, Renounce Religion


You were in the Dungeon.
You worshipped Trog.
Trog was pleased with you.
You were not hungry.

You visited 1 branch You collected 37 gold pieces.

Inventory:

Hand Weapons
 a - a +1 hand crossbow
 b - a +0 short sword (weapon)
Armour
 c - a +0 leather armour (worn)
Wands
 e - a wand of heal wounds (4/9)
 h - a wand of slowing (19/48)
Scrolls
 l - a scroll of blinking
 n - 3 scrolls of holy word {unknown}
 o - 2 scrolls of amnesia {unknown}
 p - 2 scrolls of remove curse
 t - a scroll of torment {unknown}
 u - 3 scrolls of identify
Potions
 g - 2 potions of curing
 i - a potion of haste
 j - 2 potions of magic
 k - a potion of berserk rage
 m - 2 potions of mutation {unknown}
 r - 2 potions of lignification {unknown}
 s - a potion of brilliance {unknown}
 w - a potion of flight {unknown}
 z - a potion of cure mutation {unknown}
Books
 x - a book of Misfortune

   Spells                             Type                      Level
   a - Confusing Touch                Hexes                        1
   b - Confuse                        Hexes                        3
   c - Gell's Gravitas                Hexes/Translocation          3
   d - Petrify                        Transmutation/Earth          4
   e - Metabolic Englaciation         Hexes/Ice                    5
   f - Yara's Violent Unravelling     Hexes/Transmutation          5
   Trog disapproves of the use of such an item.
Comestibles
 f - a bread ration
 q - 2 royal jellies
 v - a fruit


   Skills:
 + Level 7.5 Fighting
 + Level 1.1 Short Blades
 + Level 16.3 Crossbows
 + Level 7.0 Armour
 + Level 6.4 Dodging
 + Level 5.3 Stealth
 + Level 3.1 Evocations


You had 7 spell levels left.
You didn't know any spells.

Dungeon Overview and Level Annotations

Branches:
Dungeon (1/1)

Altars:
Cheibriados
Dithmenos
Elyvilon
Fedhas
Gozag
Hepliaklqana
Kikubaaqudgha
Makhleb
Nemelex Xobeh
Okawaru
Qazlal
Ru
Sif Muna
Trog
Uskayaw
Vehumet
Xom
Yredelemnul
Zin
The Shining One
Beogh
Jiyva
Lugonu


Innate Abilities, Weirdness & Mutations

You are resistant to damage.
You can recharge devices by infusing magical energy.
You passively map a small area around you.
You do not regenerate.


Message History

Firing (i - inventory):
d - a bolt (quivered)
Press: ? - help, Shift-Dir - straight line, f/p - earth elemental
Aim: an earth elemental (moderately damaged)
You shoot a bolt.
The bolt barely misses the earth elemental.
The earth elemental barely misses you.
b - a +0 short sword (weapon)
You hit the earth elemental but do no damage.
The earth elemental is moderately damaged.
The earth elemental misses you.
You hit the earth elemental but do no damage.
The earth elemental is moderately damaged.
You hit the earth elemental but do no damage.
The earth elemental is moderately damaged.
The earth elemental hits you!!!
* * * LOW HITPOINT WARNING * * *
You completely miss the earth elemental.
The earth elemental is moderately damaged.
The earth elemental hits you!!
You die...

__#__[#__# ,*,, ,
..#__.#._# , *
#)#'###'##,, ,, *
..†......#, ,,
⌠.)......#, * *
..######'# ,, *
⌠.#__#...#+#######*
**
..#__#...#..≈≈§§§# ,
###__#...#.#)§§#@#
..#__#...'.#§§§#E#,
__#__'...#.#§.§#(.,*
,
▓▓▓▓▓▓▓▓▓▓▓▓▓▓▓▓▓▓▓*
* * ** , ,, ≈ ≈ +* *
** , * * ** * , ,


You could see an earth elemental.

Vanquished Creatures
  Erica (D)
  A deep elf mage (D)
  A shadow (D)
  A spatial vortex (D)
  A necrophage (D)
  A water elemental (D)
  A jelly (D)
  Crazy Yiuf (D)
  Jessica (D)
  A wizard (D)
  A necromancer (D)
  3 humans (D)
  A kobold demonologist (D)
  An ooze (D)
  2 rats (D)
18 creatures vanquished.

Vanquished Creatures (others)
  2 draconian scorchers (D)
  A yaktaur (D)
  6 hellions (D)
  2 plants (D)
11 creatures vanquished.

Grand Total: 29 creatures vanquished

Notes
Turn   | Place    | Note
-------+----------+-------------------------------------------
     0 | D        | poirepourri the Deep Dwarf Hunter began the quest for the Orb.
     0 | D        | Reached XP level 1. HP: 19/19 MP: 1/1
     7 | D        | Reached skill level 5 in Crossbows
    25 | D        | Noticed Jessica
    33 | D        | Killed Jessica
    33 | D        | Reached skill level 7 in Crossbows
    33 | D        | Reached XP level 2. HP: 24/27 MP: 2/2
    33 | D        | Reached XP level 3. HP: 29/33 MP: 3/3
    89 | D        | Killed a hellion
    92 | D        | Killed a hellion
    92 | D        | Killed a hellion
    99 | D        | Reached skill level 8 in Crossbows
   100 | D        | Noticed Crazy Yiuf
   105 | D        | Killed Crazy Yiuf
   105 | D        | Reached skill level 9 in Crossbows
   105 | D        | Reached XP level 4. HP: 18/40 MP: 1/4
   116 | D        | Killed a yaktaur
   167 | D        | Killed a hellion
   189 | D        | Killed a white draconian scorcher
   274 | D        | Killed a hellion
   299 | D        | Killed a white draconian scorcher
   356 | D        | Noticed a water elemental
   364 | D        | Killed a water elemental
   364 | D        | Reached skill level 10 in Crossbows
   364 | D        | Reached skill level 1 in Armour
   518 | D        | Found a radiant altar of Vehumet.
   518 | D        | Found a deep blue altar of Sif Muna.
   518 | D        | Found an ancient bone altar of Kikubaaqudgha.
   518 | D        | Noticed a wizard
   522 | D        | Killed a wizard
   522 | D        | Reached XP level 5. HP: 50/50 MP: 5/5
   530 | D        | Reached skill level 11 in Crossbows
   551 | D        | Found a glowing silver altar of Zin.
   551 | D        | Found a glowing golden altar of the Shining One.
   551 | D        | Found a white marble altar of Elyvilon.
   552 | D        | Noticed a deep elf mage
   556 | D        | Killed a deep elf mage
   556 | D        | Reached skill level 5 in Fighting
   556 | D        | Reached skill level 14 in Crossbows
   556 | D        | Reached skill level 1 in Evocations
   556 | D        | Reached XP level 6. HP: 61/61 MP: 5/7
   556 | D        | Reached XP level 7. HP: 67/67 MP: 5/8
   574 | D        | Found a hide-covered altar of Uskayaw.
   574 | D        | Found a roughly hewn altar of Beogh.
   574 | D        | Found an iron altar of Okawaru.
   574 | D        | Found a bloodstained altar of Trog.
   574 | D        | Noticed a human
   574 | D        | Noticed a human
   576 | D        | Killed a hellion
   582 | D        | Killed a human
   601 | D        | Killed a human
   601 | D        | Reached skill level 5 in Armour
   601 | D        | Reached skill level 5 in Dodging
   687 | D        | Became a worshipper of Trog the Wrathful
   717 | D        | Found a basalt altar of Yredelemnul.
   717 | D        | Found a shadowy altar of Dithmenos.
   717 | D        | Found a sacrificial altar of Ru.
   721 | D        | Reached skill level 15 in Crossbows
   722 | D        | Reached * piety under Trog
   738 | D        | Reached XP level 8. HP: 65/76 MP: 8/8
   774 | D        | Found a blossoming altar of Fedhas.
   774 | D        | Found a stormy altar of Qazlal.
   774 | D        | Found a snail-covered altar of Cheibriados.
   774 | D        | Found a burning altar of Makhleb.
   774 | D        | Found a shimmering altar of Xom.
   775 | D        | Found a hazy altar of Hepliaklqana.
   775 | D        | Found an opulent altar of Gozag.
   775 | D        | Found a sparkling altar of Nemelex Xobeh.
   775 | D        | Found a corrupted altar of Lugonu.
   775 | D        | Found a viscous altar of Jiyva.
   787 | D        | Reached ** piety under Trog
   813 | D        | Noticed Erica
   817 | D        | Killed Erica
   817 | D        | Reached skill level 1 in Short Blades
   817 | D        | Reached skill level 16 in Crossbows
   817 | D        | Reached skill level 5 in Stealth
   846 | D        | Demolished by an earth elemental

Skill      XL: |  1  2  3  4  5  6  7  8 |
---------------+-------------------------+-----
Crossbows      | 7 9 10 14 15 16 | 16.3
Fighting       | 2 3 5 6 7 |  7.5
Armour         | 1 4 5 7 |  7.0
Dodging        | 3 4 5 6 |  6.4
Stealth        | 3 4 5 |  5.3
Evocations     | 1 2 3 |  3.1
Short Blades   | 1 |  1.1

Action                   |  1- 3 |  4- 6 |  7- 9 || total
-------------------------+-------+-------+-------++-------
Melee: Short sword       |       |       |    14 ||    14
 Fire: Hand crossbow     |    23 |    18 |    46 ||    87
 Abil: Device Recharging |       |       |     1 ||     1
Evoke: Wand              |       |     3 |     2 ||     5
  Use: Potion            |       |       |     1 ||     1
Armor: Leather armour    |     2 |       |     3 ||     5
Dodge: Dodged            |     3 |     7 |    23 ||    33
